[Event "3rd Tal Heraklion-IM 2022"]
[Site "Heraklion"]
[Date "2022.04.25"]
[Round "1.1"]
[White "Anagnostopoulos, Konstantinos"]
[Black "Kotsinis, Alexandros"]
[Result "1-0"]
[ECO "C50"]
[WhiteElo "2340"]
[BlackElo "2055"]
[Annotator "TA"]
[PlyCount "65"]
[EventDate "2022.04.18"]
[EventType "tourn"]
[EventCountry "GRE"]
[SourceTitle "playchess.com"]
[Source "ChessBase"]
[SourceQuality "1"]
[TimeControl "40/5400+30:1800+30"]

1. e4 e5 2. Nf3 Nc6 3. Bc4 Nf6 4. d3 Bc5 5. Nc3 h6 6. Be3 Bb4 7. O-O Bxc3 {[%emt 0:01:46] C50: Hungarian Defence and Giuoco Pianissimo.} 8. bxc3 O-O 9. d4 {[%emt 0:17:09] [#]} Nxe4 $146 {[%emt 0:14:37] The position is equal.} ({Predecessor:} 9... d6 10. dxe5 dxe5 11. h3 Re8 12. Qe2 a6 13. Rfd1 Nd7 14. Nh2 Qh4 15. Qf3 Nf6 {0-1 (46) Nuytemans,M-Gernay,T Belgium 1998}) 10. dxe5 d6 11. exd6 cxd6 12. Qd5 Nf6 {[%emt 0:15:55] Pair of Knights!} 13. Qd3 Bg4 {[%emt 0:02:26] [#] Threatens to win with ...Bxf3.} 14. Bf4 Bxf3 15. Qxf3 Ne5 16. Bxe5 dxe5 17. Qxb7 Qc8 18. Qa6 Qc5 19. Rad1 Rac8 20. Bb3 e4 21. Rfe1 Rc6 22. Qa4 Re8 23. Qd4 {[%emt 0:01:43] [#] Ba4 is the strong threat.} Qh5 $2 {[%emt 0:02:12][%mdl 8192] Loses the game.} (23... Rec8 $14) 24. Ba4 $18 Rce6 25. Bxe8 ({Not} 25. Qxa7 R8e7 26. Qd4 Re5 $16) 25... Rxe8 26. f3 Re6 27. fxe4 Nxe4 28. Rd3 f5 29. Rf1 Rg6 (29... Kh7 $142 30. Qd5 Rf6) 30. Qd5+ {[%emt 0:01:10] White is clearly winning.} Kh7 31. Qxf5 Ng5 (31... Qe2 $142 32. g3 a6) 32. Rg3 Kh8 33. Qg4 {[%emt 0:00:33] Weighted Error Value: White=0.12 (very precise) /Black=0.44} 1-0

[Event "3rd Tal Heraklion-IM 2022"]
[Site "Heraklion"]
[Date "2022.04.25"]
[Round "1.2"]
[White "Cmiel, Thorsten"]
[Black "Sandalakis, Nikolaos"]
[Result "1/2-1/2"]
[ECO "C56"]
[WhiteElo "2079"]
[BlackElo "2240"]
[Annotator "TA"]
[PlyCount "88"]
[EventDate "2022.04.18"]
[EventType "tourn"]
[EventCountry "GRE"]
[SourceTitle "playchess.com"]
[Source "ChessBase"]
[SourceQuality "1"]
[TimeControl "40/5400+30:1800+30"]

1. e4 e5 2. Nf3 Nc6 3. Bc4 Nf6 4. d4 exd4 5. O-O Nxe4 6. Re1 d5 7. Bxd5 Qxd5 8. Nc3 Qd8 9. Rxe4+ Be7 10. Nxd4 f5 {[%emt 0:00:36] C56: Two Knights: 4 d4 exd4 5 0-0 Nxe4.} 11. Rf4 (11. Qh5+ g6 12. Nxc6 bxc6 13. Rxe7+ Qxe7 $17) 11... O-O 12. Nxc6 Qxd1+ {[%emt 0:00:19] White has an edge.} 13. Nxd1 bxc6 14. Ra4 Bd6 {[%emt 0:25:06] [#]} 15. Ne3 $146 ({Predecessor:} 15. Nc3 Bd7 16. Be3 Rfb8 17. Rb1 a5 18. Rd4 Rb4 19. Rdd1 Rab8 20. b3 f4 21. a3 {½-½ (54) Huybrecht,F-Reuter Belgium 1993}) 15... Re8 16. Bd2 Bd7 17. Nc4 Bf8 18. Re1 Rxe1+ 19. Bxe1 Re8 20. Kf1 Re4 {[%emt 0:02:59] aiming for ...c5.} 21. b3 c5 22. Ra5 (22. Rxa7 $16 {And now f3 would win.} Bb5 23. f3 (23. Rxc7 Bxc4+ 24. bxc4 Rxc4 $14) 23... Bxc4+ 24. bxc4 Rxc4 25. c3 (25. Rxc7 Bd6 $11)) 22... Be6 (22... a6 $14) 23. Nd2 ({Don't take} 23. Rxa7 $6 Bxc4+ 24. bxc4 Rxc4 $14) 23... Rd4 24. Rxa7 Rd7 25. c4 f4 26. Nf3 (26. f3 $18) 26... Bf5 $16 27. Bc3 Rd1+ 28. Ke2 Rc1 {[%emt 0:00:17] [#]} 29. Bd2 (29. Ne1 $1 $18) 29... Rc2 30. Ke1 Bd6 31. g3 ({Better is} 31. a4 $1 $16) 31... fxg3 $11 32. hxg3 h6 $1 33. Be3 Bg4 34. Nh2 Bh5 {[%emt 0:00:33] [#]} 35. g4 $1 Bg6 {[%emt 0:00:25] [#]} 36. Nf3 Rb2 37. Bc1 (37. Ra5 $16) 37... Rb1 {[%emt 0:00:27] The position is equal.} 38. Kd1 Bf4 39. Nd2 Ra1 40. Ra5 h5 41. gxh5 Bxh5+ {[%emt 0:03:13] This bishop pair is nice.} 42. Kc2 Bg6+ 43. Kd1 Bh5+ 44. Kc2 Bg6+ {[%emt 0:00:33] Black defended with fortune.  Weighted Error Value: White=0.17 (very precise) /Black=0.12 (very precise)} 1/2-1/2

[Event "3rd Tal Heraklion-IM 2022"]
[Site "Heraklion"]
[Date "2022.04.25"]
[Round "1.3"]
[White "Rakshitta Ravi"]
[Black "Lirindzakis, Timotheos"]
[Result "1-0"]
[ECO "C84"]
[WhiteElo "2240"]
[BlackElo "2164"]
[Annotator "TA"]
[PlyCount "63"]
[EventDate "2022.04.18"]
[EventType "tourn"]
[EventCountry "GRE"]
[SourceTitle "playchess.com"]
[Source "ChessBase"]
[SourceQuality "1"]
[TimeControl "40/5400+30:1800+30"]

1. e4 e5 2. Nf3 Nc6 3. Bb5 a6 4. Ba4 Nf6 5. d4 exd4 6. O-O Be7 7. e5 Ne4 8. Re1 Nc5 9. Bxc6 dxc6 10. Nxd4 Ne6 {[%emt 0:13:43] C84: Closed Ruy Lopez: Unusual White 6th moves.} 11. Nf5 Qxd1 12. Rxd1 Bd8 {[%emt 0:11:53] Black has an edge.} 13. Nc3 O-O 14. Ne4 b6 15. Be3 c5 16. Nfg3 {[%emt 0:12:39] [#]} Be7 $146 ({Predecessor:} 16... Re8 17. f4 Bb7 18. c3 h6 19. Re1 Bh4 20. Re2 Rad8 21. f5 Ng5 22. Bf4 Rd7 {1-0 (63) Peptan,C (2403)-Dragomirescu,A (2208) Napoca 2008}) 17. f4 Re8 (17... Bh4 $11) 18. f5 $14 Nd4 19. Bxd4 cxd4 20. Rxd4 Bf8 21. e6 fxe6 22. f6 e5 23. Rd5 (23. Rc4 $5 c5 24. Rc3 $14) 23... c6 {[%emt 0:01:05] [#]} 24. Rf1 $1 {[%emt 0:01:04] White threatens f7+ and mate.} Ra7 (24... Bc5+ $2 25. Rxc5 (25. Nxc5 gxf6 26. Rd6 bxc5 $18) 25... bxc5 26. f7+ Kf8 27. fxe8=N+ $18) (24... Be6 25. Rxe5) 25. Rd2 {[%emt 0:04:54] Nh5 is the strong threat. White is much more active. The black rooks are badly placed.} Be6 26. Nh5 Kh8 27. fxg7+ ({Don't take} 27. Nxg7 Bxg7 28. fxg7+ Rxg7 $14) 27... Bxg7 28. Rd6 Bc4 29. Rf5 Bd5 30. Nef6 {[%emt 0:03:56] Pair of Knights!} Rf8 (30... Bxf6 $16 31. Nxf6 Re6 32. Rd8+ Kg7 33. Nxd5 cxd5) 31. Nxg7 $18 ({Much less strong is} 31. Rxe5 $6 Raf7 $16) 31... Rxg7 $2 {[%emt 0:00:33] [#]} (31... Kxg7 32. Rg5+ Kh8) 32. Nxd5 $1 {[%emt 0:00:29] Weighted Error Value: White=0.02 (flawless) /Black=0.38} 1-0

[Event "3rd Tal Heraklion-IM 2022"]
[Site "Heraklion"]
[Date "2022.04.25"]
[Round "1.4"]
[White "Bracker, Arne"]
[Black "Milonakis, Georgios"]
[Result "1/2-1/2"]
[ECO "C84"]
[WhiteElo "2276"]
[BlackElo "2215"]
[Annotator "TA"]
[PlyCount "97"]
[EventDate "2022.04.18"]
[EventType "tourn"]
[EventCountry "GRE"]
[SourceTitle "playchess.com"]
[Source "ChessBase"]
[SourceQuality "1"]
[TimeControl "40/5400+30:1800+30"]

1. e4 e5 2. Nf3 Nc6 3. Bb5 a6 4. Ba4 Nf6 5. O-O Be7 6. d3 b5 7. Bb3 d6 8. a3 O-O 9. Nc3 Bg4 10. Be3 Nd4 {[%emt 0:00:46] C84: Closed Ruy Lopez: Unusual White 6th moves.} 11. Bxd4 exd4 12. Nd5 Nxd5 $1 {[%emt 0:01:56][%mdl 4] is currently scoring better than 12...Nd7.} 13. Bxd5 Rc8 14. Bc6 Bf6 15. a4 Rb8 16. axb5 axb5 17. h3 Bd7 18. Bxd7 Qxd7 {[%emt 0:00:35] [#]} 19. Ra6 $146 ({Predecessor:} 19. Qd2 Ra8 20. Nh2 Qc6 21. f4 Rxa1 22. Rxa1 Ra8 23. Rxa8+ Qxa8 24. Qc1 h5 25. Nf3 {½-½ (64) Krzyzanowski,M (2519)-Shuvalova,P (2445) Prague 2020}) 19... Ra8 20. Qa1 Qc8 21. Ra7 Qb8 22. Rxa8 Qxa8 23. b3 Qc6 24. Qb2 Ra8 25. Ra1 Rxa1+ 26. Qxa1 g6 27. Qd1 Qa8 28. g3 c5 29. Qe2 h5 {[%emt 0:05:25] The position is equal.} 30. Kg2 Kg7 31. h4 Qc8 32. Nh2 Qe6 33. f4 Bd8 34. Qf3 c4 35. bxc4 bxc4 36. f5 Qc8 37. Kh3 cxd3 38. cxd3 Qc1 39. g4 Qe3 40. gxh5 gxh5 41. Qg3+ Qxg3+ 42. Kxg3 $11 {[%emt 0:00:06][%mdl 4096] Endgame KB-KN} d5 43. e5 Bc7 44. f6+ $1 Kg6 45. Kf4 Ba5 {[%emt 0:01:11] [#] Threatens to win with ...Bd2+.} 46. Nf3 {[%emt 0:08:35] Against Bd2+} Bc3 47. e6 $1 {[%emt 0:03:22] e7 would kill now.} Kxf6 (47... fxe6 $2 48. Ke5 Kf7 49. Ng5+ Kg8 50. Kxe6 $18) 48. exf7 Bb4 {[%emt 0:04:10] ( -> ...Bd6+)} 49. Nxd4 {[%emt 0:08:29] A balanced but interesting game.  Weighted Error Value: White=0.02 (flawless) /Black=0.02 (flawless)} 1/2-1/2

[Event "3rd Tal Heraklion-IM 2022"]
[Site "Heraklion"]
[Date "2022.04.27"]
[Round "2.1"]
[White "Kotsinis, Alexandros"]
[Black "Peng, Li Min"]
[Result "0-1"]
[ECO "D30"]
[WhiteElo "2055"]
[BlackElo "2517"]
[Annotator "TA"]
[PlyCount "62"]
[EventDate "2022.04.18"]
[EventType "tourn"]
[EventCountry "GRE"]
[SourceTitle "playchess.com"]
[Source "ChessBase"]
[SourceQuality "1"]
[TimeControl "40/5400+30:1800+30"]

1. d4 d5 2. c4 e6 3. Nf3 a6 4. g3 dxc4 5. Bg2 Nc6 6. e3 {[%emt 0:07:31] D30: Queen's Gambit Declined: Systems without Nc3.} Rb8 7. Nfd2 Qd7 8. Nxc4 {[%emt 0:00:26] White is slightly better.} b5 9. Ncd2 Nf6 10. O-O Bb7 {[%emt 0:00:37] [#]} 11. a4 $146 ({Predecessor:} 11. Nb3 Nd8 12. f3 Bd5 13. Nc3 Bc4 14. Rf2 Nb7 15. Nd2 Bd5 16. e4 Bc6 17. Nb3 {1-0 (39) Raznikov,D (2500)-Pap,G (2536) Pardubice 2015}) 11... Be7 12. axb5 axb5 13. Nc3 b4 14. Nce4 Nxe4 $1 15. Bxe4 O-O 16. Nc4 Ra8 17. Rxa8 Rxa8 18. b3 ({Don't play} 18. Qh5 f5 19. Bg2 Qc8 $11) ({White should play} 18. Qc2 $14) 18... Qc8 19. Qc2 h6 20. Bb2 Na5 21. Bh7+ Kh8 22. Ne5 {[%emt 0:01:53][%cal Re5f7] [#]} Qe8 23. Ra1 (23. Be4 $11) 23... Bd6 $1 $15 {[%emt 0:01:33] ...Bxe5 is the strong threat.} ({Resist} 23... Nxb3 24. Rxa8 Bxa8 25. Bd3 $14) 24. Be4 (24. Bd3 $142) 24... Bxe5 $17 25. dxe5 c5 26. Bxb7 Nxb7 27. Rxa8 Qxa8 28. Bc1 (28. h4 $17 {was called for.}) 28... Qa1 {[%emt 0:00:44] [#] Strongly threatening ...Na5.} 29. f4 $2 (29. Kg2 {is a better chance.}) 29... Na5 $19 {[%emt 0:00:17][%cal Oa5b3] aiming for ...Nxb3! Black is clearly winning.} 30. Kg2 Qc3 31. Qd1 Nxb3 {[%emt 0:00:11] Weighted Error Value: White=0.52/Black=0.05 (flawless)} 0-1

[Event "3rd Tal Heraklion-IM 2022"]
[Site "Heraklion"]
[Date "2022.04.27"]
[Round "2.2"]
[White "Milonakis, Georgios"]
[Black "Langrock, Hannes"]
[Result "1-0"]
[ECO "A07"]
[WhiteElo "2215"]
[BlackElo "2351"]
[Annotator "TA"]
[PlyCount "107"]
[EventDate "2022.04.18"]
[EventType "tourn"]
[EventCountry "GRE"]
[SourceTitle "playchess.com"]
[Source "ChessBase"]
[SourceQuality "1"]
[TimeControl "40/5400+30:1800+30"]

1. Nf3 d5 2. g3 Bg4 3. Ne5 Bf5 4. Bg2 Nd7 5. d4 c6 6. O-O {[%emt 0:03:28] A07: Réti Opening: New York and Capablanca Systems.} Ngf6 7. c4 e6 $1 8. Nxd7 {[%emt 0:05:46] The position is equal.} Qxd7 (8... Kxd7 9. Nc3 $14) 9. b3 Be7 10. Nd2 O-O 11. Bb2 {[%emt 0:00:42] [#]} b5 $146 ({Predecessor:} 11... a5 12. a3 h6 13. Re1 Rfd8 {½-½ (13) Vuilleumier,A (2368)-Landenbergue,C (2450) Geneve 2007}) 12. c5 a5 13. Kh1 h6 14. f3 Bh7 15. e4 dxe4 $1 16. fxe4 e5 17. d5 (17. dxe5 Ng4 18. Qe2 Rad8 $17) 17... cxd5 18. Bxe5 Ng4 {[%emt 0:01:34] [#]} ({But not} 18... Bxc5 19. Bxf6 gxf6 20. exd5 $14) (18... Rac8 $1 $15 {stays ahead.} 19. Rc1 d4) 19. Bd4 $2 (19. c6 $1 $18 Qc8 20. Bd4) 19... dxe4 (19... Rac8 $5 20. Rc1 (20. exd5 Bxc5 21. Ne4 Bxe4 $17) 20... dxe4 21. Nxe4 Rfd8 $11) 20. Nxe4 Rad8 {[%emt 0:01:28] White must now prevent ...Bxe4.} 21. Bg1 $1 {[%emt 0:03:23] And now Qxd7 would win.} Ne5 (21... Qe6 $14 22. Qe2 Ne5) 22. Qe2 (22. Qxd7 $16 Rxd7 23. Nc3) 22... Qd3 $14 23. Qxd3 Nxd3 24. c6 Rc8 25. Rad1 Nb4 26. Nd6 {[%emt 0:02:36] 0x0.0019923d94c2dp-1022s more active pieces.} Rcd8 (26... Rxc6 $16 {keeps fighting.} 27. Bxc6 (27. Nxb5 Rc2 $11) 27... Nxc6) 27. Nf5 Bxf5 28. Rxd8 Rxd8 29. Rxf5 {[%emt 0:00:06] Strongly threatening c7.} Rc8 30. Rxb5 {[%emt 0:02:19] Re5 is the strong threat.} Nxc6 31. Bxc6 Rxc6 32. Rxa5 $18 {[%emt 0:00:19][%mdl 4096] Endgame KRB-KRB} Rc3 33. Ra8+ Kh7 34. Ra7 Bf6 35. Rxf7 Kg6 (35... Rc1 $142) 36. Rd7 Rc2 37. a4 Ra2 38. Rd3 Kf5 39. Bb6 Kg4 (39... h5 $142 40. Rd5+ Kg4) 40. Bd4 $2 ({White should try} 40. a5 $18) 40... Kh3 $1 $14 41. Bxf6 gxf6 {[%emt 0:05:31] KR-KR} 42. Kg1 {[%emt 0:00:59] Hoping for b4.} h5 $2 (42... Rg2+ $14 43. Kf1 Rxh2) 43. Rd4 $18 Rg2+ 44. Kf1 Kxh2 {[%emt 0:00:32] [#]} 45. a5 $1 Rg1+ 46. Ke2 {[%emt 0:00:06] aiming for a6.} Rg2+ 47. Kd3 Rxg3+ 48. Kc4 Rg5 49. b4 {[%emt 0:01:20][%cal Bb3b4,Bb4b5,Bb5b6][%mdl 32] b5 would kill now.} Kg3 50. a6 {[%emt 0:00:16] White mates.} h4 51. a7 Rg8 52. b5 h3 53. b6 h2 54. Rd1 {[%emt 0:00:10] Weighted Error Value: White=0.23 (precise) /Black=0.37} 1-0

[Event "3rd Tal Heraklion-IM 2022"]
[Site "Heraklion"]
[Date "2022.04.27"]
[Round "2.3"]
[White "Lirindzakis, Timotheos"]
[Black "Bracker, Arne"]
[Result "1/2-1/2"]
[ECO "E05"]
[WhiteElo "2164"]
[BlackElo "2276"]
[Annotator "TA"]
[PlyCount "53"]
[EventDate "2022.04.18"]
[EventType "tourn"]
[EventCountry "GRE"]
[SourceTitle "playchess.com"]
[Source "ChessBase"]
[SourceQuality "1"]
[TimeControl "40/5400+30:1800+30"]

1. d4 Nf6 2. c4 e6 3. Nf3 d5 4. g3 Be7 5. Bg2 O-O 6. O-O dxc4 7. Qc2 a6 8. a4 Bd7 9. Qxc4 Bc6 10. Bg5 Nbd7 11. Nc3 h6 12. Bxf6 {[%emt 0:00:27] E05: Open Catalan: 5 Nf3 Be7.} Nxf6 13. Rfd1 $1 {[%emt 0:00:21][%mdl 4] is now more promising than 13.b4.} Qd6 14. e3 Rfd8 {[%emt 0:06:57] [#]} 15. Qe2 $146 ({Predecessor:} 15. a5 Rac8 16. Qe2 Bxf3 17. Bxf3 c6 18. Ra4 g6 19. Rc4 Qc7 20. b4 Nd5 21. Qb2 Nxc3 22. Qxc3 {½-½ (34) Giri,A (2776)-Grischuk,A (2778) Zagreb 2021}) 15... Bxf3 16. Bxf3 c6 17. Kg2 Rac8 18. Rac1 Qb4 19. Qc2 Qa5 20. Qb3 Qb4 21. Qc2 Qa5 22. Qb3 Rd7 23. d5 exd5 {[%emt 0:09:52] [#]} (23... Nxd5 $2 24. Nxd5 exd5 25. Bxd5 $1 $16 (25. Bg4 Qc7 $14)) 24. Nxd5 $1 {[%emt 0:01:54][%mdl 64] Pin} Rcd8 $1 (24... Nxd5 $2 25. Bxd5 Bf6 {[#]} 26. Be6 $1 Rxd1 27. Bxf7+ (27. Rxd1 Rc7 $11) 27... Kh8 28. Rxd1 $18) 25. Nxe7+ Rxe7 26. Rxd8+ Qxd8 27. Rd1 {[%emt 0:01:38] Weighted Error Value: White=0.05 (flawless) /Black=0.05 (flawless)} 1/2-1/2

[Event "3rd Tal Heraklion-IM 2022"]
[Site "Heraklion"]
[Date "2022.04.27"]
[Round "2.4"]
[White "Sandalakis, Nikolaos"]
[Black "Rakshitta Ravi"]
[Result "1-0"]
[ECO "C81"]
[WhiteElo "2240"]
[BlackElo "2240"]
[Annotator "TA"]
[PlyCount "95"]
[EventDate "2022.04.18"]
[EventType "tourn"]
[EventCountry "GRE"]
[SourceTitle "playchess.com"]
[Source "ChessBase"]
[SourceQuality "1"]
[TimeControl "40/5400+30:1800+30"]

1. e4 e5 2. Nf3 Nc6 3. Bb5 a6 4. Ba4 Nf6 5. O-O Nxe4 6. d4 b5 7. Bb3 d5 8. dxe5 Be6 9. Qe2 Be7 10. Rd1 O-O 11. c4 bxc4 12. Bxc4 Bc5 13. Be3 Bxe3 14. Qxe3 Qb8 15. Bb3 Na5 16. Nbd2 Qb6 {[%emt 0:01:45] C81: Open Ruy Lopez: Keres Variation (9 Qe2).} 17. Qxb6 cxb6 18. Nd4 {[%emt 0:07:27] [#]} Rfd8 $146 {[%emt 0:25:47] White has an edge.} ({Predecessor:} 18... Rac8 19. Nxe4 Nxb3 20. Nd6 Nxa1 21. Nxc8 Rxc8 22. Rxa1 g5 23. f3 Rc4 24. Rd1 Ra4 {½-½ (44) Das,A (2434)-Karthikeyan,M (2578) Patna 2017}) 19. f3 Nxd2 20. Rxd2 Nc4 21. Re2 g5 22. Kf2 Rac8 ({Black should try} 22... Re8 $14) 23. h4 gxh4 24. Rh1 h3 25. gxh3 Kh8 (25... Na5 $1 $14) 26. f4 $16 Rg8 27. f5 Bd7 {[%emt 0:00:05] [#]} 28. Rg1 (28. Kf3 $142 $1) 28... Rxg1 29. Kxg1 Rg8+ ({Black should play} 29... Kg7 $1 $14) 30. Kf2 Rg5 31. Kf3 {[%emt 0:04:01] e6 is the strong threat.} Rg1 (31... Bxf5 $2 32. Kf4 Bd3 33. Kxg5 $18) (31... Kg7 $16) 32. Bxc4 $18 dxc4 {[%emt 0:00:06][%mdl 4096] Endgame KRB-KRN} 33. e6 fxe6 (33... Be8 $16 {is a better defense.}) 34. fxe6 Be8 35. Kf4 Kg7 36. Ke5 Rg5+ (36... Bg6 {might work better.} 37. Rf2 Re1+ 38. Kd6 Rd1) 37. Nf5+ ({Don't do} 37. Kd6 $6 h6 38. Rf2 Rg1 39. Nf5+ Kh7 $18) 37... Kg6 38. Rf2 b5 39. h4 Rg1 40. Nd6 Bc6 41. Re2 {[%emt 0:09:35] Against Re1} Ra1 $2 (41... Rd1 42. e7 Kh5 43. e8=Q+ Bxe8) 42. e7 $2 (42. Nf5) 42... Kh5 (42... Rd1 $142 43. e8=Q+ Bxe8) 43. e8=Q+ $2 (43. Ne4 $18 {is more deadly. Strongly threatening Kd6.} Rd1 44. Nf6+ Kxh4 45. Nxh7) 43... Bxe8 $16 44. Nxe8 {[%emt 0:00:04] aiming for Re4.} Rxa2 $2 {[%emt 0:00:19][%mdl 8192] [#] A mistake that costs the game.} (44... Kxh4 $16 45. Nf6 h5) 45. Nf6+ $1 {[%emt 0:01:25] White mates.} Kg6 46. Ke6 c3 47. Rg2+ Kh6 48. Rg5 {[%emt 0:00:08] Weighted Error Value: White=0.53/Black=0.55} 1-0

[Event "3rd Tal Heraklion-IM 2022"]
[Site "Heraklion"]
[Date "2022.04.27"]
[Round "2.5"]
[White "Anagnostopoulos, Konstantinos"]
[Black "Cmiel, Thorsten"]
[Result "1-0"]
[ECO "B33"]
[WhiteElo "2340"]
[BlackElo "2079"]
[Annotator "TA"]
[PlyCount "49"]
[EventDate "2022.04.18"]
[EventType "tourn"]
[EventCountry "GRE"]
[SourceTitle "playchess.com"]
[Source "ChessBase"]
[SourceQuality "1"]
[TimeControl "40/5400+30:1800+30"]

1. e4 c5 2. Nf3 Nc6 3. d4 cxd4 4. Nxd4 Nf6 5. Nc3 h5 (5... e6 $11 {should be considered.}) 6. Be2 {[%emt 0:05:20] B33: Sicilian: Pelikan and Sveshnikov Variations.} e5 7. Ndb5 d6 8. Nd5 {[%emt 0:02:07] White is slightly better.} Nxd5 9. exd5 Ne7 10. c4 {[%emt 0:03:19] White is more active.} (10. c3 $5 ) 10... Nf5 {[%emt 0:00:27] [#]} 11. Bxh5 $146 ({Predecessor:} 11. O-O a6 12. Nc3 g6 13. a4 a5 14. b3 Bg7 15. Nb5 O-O 16. Ra2 h4 17. h3 {½-½ (24) Pikula,D (2380)-Stefansson,V (2371) Arandjelovac 2021}) 11... a6 12. Nc3 Nd4 {[%emt 0:17:58] [#] White must now prevent ...Bf5.} 13. Be3 Qh4 14. Be2 Nxe2 15. Qxe2 Bg4 16. Qc2 Bd7 17. Qb3 Rc8 18. c5 dxc5 19. Qxb7 Qc4 20. Qb3 Qg4 21. Kf1 (21. Qb6 $14 {deserves consideration.}) 21... f5 22. Re1 Bd6 (22... Qb4 $14) 23. Qb6 $16 Qc4+ 24. Kg1 Ke7 {[%emt 0:00:08][%mdl 8192] [#]} (24... Bb8 $14) 25. Bg5+ {[%emt 0:06:43] Weighted Error Value: White=0.10 (very precise) /Black=0.11 (very precise)} 1-0

[Event "3rd Tal Heraklion-IM 2022"]
[Site "Heraklion"]
[Date "2022.04.28"]
[Round "3.1"]
[White "Cmiel, Thorsten"]
[Black "Kotsinis, Alexandros"]
[Result "0-1"]
[ECO "A28"]
[WhiteElo "2079"]
[BlackElo "2055"]
[Annotator "TA"]
[PlyCount "32"]
[EventDate "2022.04.18"]
[EventType "tourn"]
[EventCountry "GRE"]
[SourceTitle "playchess.com"]
[Source "ChessBase"]
[SourceQuality "1"]
[TimeControl "40/5400+30:1800+30"]

1. c4 e5 2. Nc3 Nf6 3. Nf3 Nc6 4. e3 Bb4 5. Qc2 O-O 6. Nd5 Re8 7. Qf5 d6 8. Nxf6+ gxf6 9. Qh5 e4 10. a3 {[%emt 0:05:56] aiming for Nd4. A28: English Opening: Four Knights Variation.} exf3 11. gxf3 Bc5 {[%emt 0:08:29] [#]} ({Better is} 11... Re5 $11 12. Qh6 (12. Rg1+ Rg5 $14) 12... Bf5 13. axb4 Bg6) 12. f4 $146 (12. Rg1+ $14 {was the only good move.} Kh8 13. Qh6 (13. Bd3 f5 $17)) ({Predecessor:} 12. Rg1+ Kh8 13. Qh6 Rg8 14. Rxg8+ Qxg8 15. b4 Qg7 16. Qxg7+ Kxg7 17. bxc5 dxc5 18. f4 {1-0 (55) Voetter,H (2169)-Klapp,H (2135) GER email 2012}) 12... f5 {[%emt 0:21:28] Strongly threatening ...Re6.} 13. Rg1+ Kh8 $1 {[%emt 0:00:33] And now ...Bd4 would win.} 14. Qh6 $2 {[%emt 0:18:12] [#]} ({White should try} 14. Rg3 $15) 14... Bd4 $1 $19 15. Kd1 {[%emt 0:01:21] [#]} Qf6 16. Qh5 (16. Qxf6+ Bxf6) 16... Bxb2 {[%emt 0:00:50] Weighted Error Value: White=0.92/Black=0.18 (very precise)} 0-1